 Dungeon Crawl Stone Soup version 0.26-a0-1126-g3318b609a0 (webtiles) character file.

Game seed: 8765545962219510682

548 vvl the Ruffian (level 7, -4/67 HPs)
             Began as a Troll Monk on Dec 17, 2020.
             Slain by Duvessa
             ... wielding a cursed -2 short sword
              (8 damage)
             ... on level 5 of the Dungeon.
             The game lasted 00:07:12 (2892 turns).

vvl the Ruffian (Troll Monk)                        Turns: 2892, Time: 00:07:13

Health: -4/67      AC:  6    Str: 21    XL:     7   Next: 7%
Magic:  6/6        EV: 11    Int:  7    God:
Gold:   218        SH:  0    Dex: 12    Spells: 6/6 levels left

rFire    + . .     SeeInvis .     - Unarmed
rCold    + . .     Faith    .   (no shield)
rNeg     . . .     Spirit   .   a - +0 robe
rPois    +         Reflect  .   (helmet restricted)
rElec    +         Harm     .   (no cloak)
rCorr    +         Rampage  .   (gloves unavailable)
Will     .....                  (boots unavailable)
Stlth    ++........             (no amulet)
HPRegen  0.61/turn              (no ring)
MPRegen  0.10/turn              (no ring)

@: brilliant, resistant
A: large, unfitting armour, claws 3, regeneration 1, shaggy fur 1, tough skin 3
a: no special abilities


You were on level 5 of the Dungeon.
You visited 1 branch of the dungeon, and saw 5 of its levels.

You collected 218 gold pieces.

Inventory:

Hand Weapons
 h - a cursed -3 short sword
 i - a +0 flail
 p - the +7 flail of Deformation {vorpal, rF+ Str+2, unknown}
   (You found it on level 4 of the Dungeon)

   It inflicts extra damage upon your enemies.
   It affects your strength (+2).
   It protects you from fire.
Missiles
 g - 5 silver javelins (quivered)
Armour
 a - a +0 robe (worn)
 m - a cursed +0 ring mail
Scrolls
 b - 3 scrolls of identify {unknown}
 d - a scroll of immolation {unknown}
 f - 3 scrolls of magic mapping {unknown}
 q - a scroll of teleportation {unknown}
 s - a scroll of amnesia {unknown}
Potions
 c - a potion of degeneration {unknown}
 e - a potion of brilliance
 j - 2 potions of ambrosia {unknown}
 l - a potion of berserk rage {unknown}
 n - a potion of mutation {unknown}
 o - a potion of lignification {unknown}
 r - a potion of might {unknown}
 t - 2 potions of curing {unknown}


   Skills:
 + Level 3.1 Fighting
 + Level 3.9 Dodging
 + Level 1.5 Stealth
 + Level 6.4 Unarmed Combat


You had 6 spell levels left.
You didn't know any spells.
Your spell library was empty.

Dungeon Overview and Level Annotations

Branches:
Dungeon (5/15)
 Temple: D:4-7

Altars:
Fedhas
Gozag
Okawaru
Ru
Vehumet
Xom
Yredelemnul

Annotations:
D:5 Duvessa


Innate Abilities, Weirdness & Mutations

You are too large for most types of armour.
You have claws for hands.
Your natural rate of healing is unusually fast.
You are covered in fur. (AC +1)
You have extremely tough skin. (AC +3)


Message History

You feel clever all of a sudden. Duvessa hits you but does no damage.
You barely miss Duvessa.
Duvessa is heavily wounded.
Duvessa hits you with a cursed -2 short sword.
* * * LOW HITPOINT WARNING * * *
Duvessa hits you with a cursed -2 short sword.
* * * LOW HITPOINT WARNING * * *
You scratch Duvessa.
Duvessa is heavily wounded.
Duvessa hits you but does no damage.
You closely miss Duvessa.
Duvessa is heavily wounded.
Duvessa hits you with a cursed -2 short sword.
* * * LOW HITPOINT WARNING * * *
Unknown command.
It was a potion of resistance.
You feel protected.
Duvessa hits you with a cursed -2 short sword!
You die...

#......##
#.......#
#.......#
#......#
#..<...#
#......#
##......#
#.......#
#...@e..#
#...)...#
#.......+
######+##


You could see Duvessa (berserk, fast).

Vanquished Creatures
  A sky beast (D:4)
  A bullfrog (D:4)
  Dowan (D:5)
  2 orc priests
  2 orc wizards
  2 iguanas (D:4)
  A worker ant (D:4)
  5 adders
  2 gnolls
  An adder skeleton (D:4)
  2 worms (D:2)
  A dart slug (D:1)
  3 leopard geckos (D:4)
  10 orcs
  4 bats (D:3)
  3 giant cockroaches (D:2)
  9 goblins
  7 hobgoblins
  12 jackals
  A quokka (D:3)
  2 ball pythons
  A ball python skeleton (D:4)
  5 frilled lizards
  5 kobolds
  A leopard gecko skeleton (D:4)
  7 rats
91 creatures vanquished.

Notes
Turn   | Place    | Note
-------+----------+-------------------------------------------
     0 | D:1      | vvl the Troll Monk began the quest for the Orb.
     0 | D:1      | Reached XP level 1. HP: 22/22 MP: 0/0
   147 | D:1      | Reached XP level 2. HP: 29/29 MP: 1/1
   279 | D:1      | Reached XP level 3. HP: 34/36 MP: 2/2
   637 | D:2      | Reached skill level 4 in Unarmed Combat
   637 | D:2      | Reached XP level 4. HP: 9/44 MP: 3/3
   741 | D:2      | Found a basalt altar of Yredelemnul.
   775 | D:2      | Found a blossoming altar of Fedhas.
  1318 | D:3      | Found a blossoming altar of Fedhas.
  1474 | D:3      | Reached XP level 5. HP: 52/52 MP: 4/4
  1490 | D:3      | Reached skill level 5 in Unarmed Combat
  1559 | D:3      | Found a sacrificial altar of Ru.
  1748 | D:3      | Found a shimmering altar of Xom.
  2004 | D:4      | Found a transporter.
  2010 | D:4      | Found a transporter.
  2011 | D:4      | Got a jewelled flail
  2016 | D:4      | Found a radiant altar of Vehumet.
  2127 | D:4      | Reached XP level 6. HP: 61/61 MP: 5/5
  2134 | D:4      | Found an iron altar of Okawaru.
  2265 | D:4      | Noticed a sky beast
  2280 | D:4      | Killed a sky beast
  2320 | D:4      | Found an opulent altar of Gozag.
  2339 | D:4      | Reached skill level 6 in Unarmed Combat
  2870 | D:5      | Entered Level 5 of the Dungeon
  2870 | D:5      | Noticed Duvessa
  2870 | D:5      | Noticed Dowan
  2879 | D:5      | Killed Dowan
  2880 | D:5      | Reached XP level 7. HP: 48/67 MP: 6/6
  2891 | D:5      | HP: 3/67 [Duvessa/cursed -2 short sword (3)]
  2892 | D:5      | Slain by Duvessa

Illustrated notes

Levels and vault maps discovered:
D:1:      minmay_arrival_wavy_path, layout_basic, minmay_misc_feat_columns,
          solitary_fountain
D:2:      layout_basic, yredelemnul_altar_generic, fedhas_altar_2
D:3:      layout_loops_ring, lemuel_crystal_altar,
          lemuel_coloured_pillars_altar, nicolae_ru_awakened_eye
D:4:      layout_basic, gammafunk_temple_overflow_arena,
          okawaru_metal_pillars_3, old_standard_altar
D:5:      layout_gridville, makhleb_altar_promises_db, lemuel_doored_altar,
          uniq_duvessa

Skill      XL: |  1  2  3  4  5  6 |
---------------+-------------------+-----
Unarmed Combat | 4 5 6 |  6.4
Dodging        | 3 |  3.9
Fighting       | 3 |  3.1
Stealth        | |  1.5

Action                   |  1- 3 |  4- 6 |  7- 9 || total
-------------------------+-------+-------+-------++-------
Melee: Unarmed           |    88 |   199 |    10 ||   297
       Punch             |     4 |     2 |       ||     6
  Use: Potion            |       |       |     2 ||     2
 Stab: Sleeping          |       |     3 |       ||     3
Armor: Robe              |    33 |    83 |     2 ||   118
Dodge: Dodged            |    64 |   137 |     2 ||   203

Table legend: (Time is in decaauts)
 A = Elapsed time spent in this place.
 B = Non-inter-level travel time spent in this place.
 C = Inter-level travel time spent in this place.
 D = Time resting spent in this place.
 E = Time spent auto-exploring this place.
 F = Levels seen in this place.
 G = Mean time per level.
                   A        B        C        D        E       F      G
               +--------+--------+--------+--------+--------+-----+--------+
         Total |   2865 |   2702 |    163 |    148 |   2054 |   5 |  573.0 |
       Dungeon |   2865 |   2702 |    163 |    148 |   2054 |   5 |  573.0 |
               +--------+--------+--------+--------+--------+-----+--------+

Top non-repeatable levels by time:
     D:4: 858 daAuts
     D:3: 717 daAuts
     D:2: 667 daAuts
     D:1: 601 daAuts
     D:5: 20 daAuts
